 Dungeon Crawl Stone Soup version 0.20.1-1-g8b1a95d (webtiles) character file.

5227 ANON1729 the Arsonist (level 10, -2/56 HPs)
             Began as an Octopode Fire Elementalist on Oct 24, 2017.
             Was a Follower of Sif Muna.
             Killed from afar by Maurice (15 damage)
             ... with a wand of acid (?/15)
             ... on level 8 of the Dungeon.
             The game lasted 00:41:51 (10876 turns).

ANON1729 the Arsonist (Octopode Fire Elementalist) Turns: 10876, Time: 00:41:51

Health: -2/56      AC:  1    Str:  8    XL:     10   Next: 61%
Magic:  3/30       EV: 17    Int: 20    God:    Sif Muna [*.....]
Gold:   393        SH:  0    Dex: 11    Spells: 10/23 levels left

rFire    . . .     SeeInvis .   L - staff of conjuration
rCold    . . .     Gourm    .   (no shield)
rNeg     + . .     Faith    .   (helmet restricted)
rPois    .         Spirit   .   F - amulet of inaccuracy (curse)
rElec    .         Reflect  .   w - -2 ring of dexterity (curse)
rCorr    .         Harm     .   H - ring of magical power
MR       .....                  G - ring of positive energy
Stlth    +++.......             (no ring)
Regen    0.2/turn               (no ring)
MPRegen  0.3/turn               (no ring)
                                (no ring)
                                (no ring)

@: very slightly contaminated
A: almost no armour, stealthy swim, amphibious, 8 rings, constrict 8, camouflage
1, gelatinous body 1
a: Divine Energy, Renounce Religion


You were on level 8 of the Dungeon.
You worshipped Sif Muna.
Sif Muna was aware of your devotion.
You were hungry.

You visited 2 branches of the dungeon, and saw 10 of its levels.
You also visited: Sewer.

You collected 393 gold pieces.

Inventory:

Hand Weapons
 c - a +0 dagger of protection
 i - a +0 dagger of venom
Magical Staves
 L - an uncursed staff of conjuration (weapon)
Jewellery
 w - a cursed -2 ring of dexterity (left tentacle)
 F - a cursed amulet of inaccuracy (around mantle)
 G - a ring of positive energy (on tentacle)
 H - a ring of magical power (right tentacle)
Wands
 n - a wand of iceblast (6/15)
 I - a wand of random effects (13/48)
 N - a wand of confusion (26/48)
Scrolls
 h - 2 scrolls of teleportation
 j - a scroll of identify
 k - 2 scrolls of enchant armour
 m - a scroll of amnesia {unknown}
 o - a scroll of fog {unknown}
 s - 4 scrolls of fear
 y - a scroll of noise {unknown}
 E - a scroll of holy word {unknown}
 J - a scroll of remove curse
Potions
 d - 2 potions of flight {unknown}
 e - 10 potions of curing
 f - a potion of ambrosia {unknown}
 l - 2 potions of mutation {unknown}
 p - 3 potions of heal wounds
 q - 5 potions of agility {unknown}
 r - 3 potions of brilliance {unknown}
 t - 4 potions of haste {unknown}
 u - 2 potions of lignification {unknown}
 x - a potion of might {unknown}
 z - a potion of berserk rage {unknown}
 A - 2 potions of degeneration {unknown}
 C - a potion of resistance {unknown}
 M - a potion of cancellation {unknown}
Books
 a - a book of Flames

   Spells                             Type                      Level
   a - Flame Tongue                   Conjuration/Fire             1
   b - Throw Flame                    Conjuration/Fire             2
   c - Conjure Flame                  Conjuration/Fire             3
   d - Inner Flame                    Hexes/Fire                   3
   e - Sticky Flame                   Conjuration/Fire             4
   f - Fireball                       Conjuration/Fire             5
 B - a book of Maledictions

   Spells                             Type                      Level
   a - Corona                         Hexes                        1
   b - Ensorcelled Hibernation        Hexes/Ice                    2
   c - Confuse                        Hexes                        3
   d - Tukima's Dance                 Hexes                        3
   e - Dazzling Spray                 Conjuration/Hexes            3
 K - Easy Theurgy
   (You found it on level 8 of the Dungeon)

   Spells                             Type                      Level
   a - Swiftness                      Charms/Air                   2
   b - Throw Frost                    Conjuration/Ice              2
   c - Slow                           Hexes                        2
   d - Poisonous Vapours              Poison/Air                   2
   e - Call Imp                       Summoning                    2
Comestibles
 b - 8 bread rations
 g - 6 meat rations
 v - 2 fruits


   Skills:
 + Level 7.9 Dodging
 - Level 3.0 Stealth
 + Level 7.3 Spellcasting
 + Level 7.7 Conjurations
 + Level 8.4 Fire Magic


You had 10 spell levels left.
You knew the following spells:

 Your Spells              Type           Power        Failure   Level  Hunger
a - Flame Tongue          Conj/Fire      #####        1%          1    None
b - Conjure Flame         Conj/Fire      ######..     1%          3    #......
c - Sticky Flame          Conj/Fire      ######..     3%          4    ###....
d - Fireball              Conj/Fire      ######....   9%          5    #####..


Dungeon Overview and Level Annotations

Branches:
Dungeon (9/15)             Temple (1/1) D:7             Orc (0/2) D:9
   Lair: D:8-11

Altars:
Ashenzari
Cheibriados
Dithmenos
Elyvilon
Fedhas
Gozag
Hepliaklqana
Kikubaaqudgha
Makhleb
Nemelex Xobeh
Okawaru
Qazlal
Ru
Sif Muna
Trog
Uskayaw
Vehumet
Xom
Yredelemnul
Zin
The Shining One

Shops:
D:8 (

Annotations:
D:8 Maurice


Innate Abilities, Weirdness & Mutations

You cannot wear most types of armour.
You are very stealthy in the water. (Stealth+)
You are amphibious.
You can wear up to eight rings at the same time.
You can use your tentacles to constrict eight enemies at once.
Your skin changes colour to match your surroundings (Stealth+).
Your rubbery body absorbs attacks. (AC +1, EV +1)


Message History

Confirm with . or Enter, or press ? or * to list all spells.
You can't see any susceptible monsters within range! (Use Z to cast anyway.)
Casting: Fireball
Confirm with . or Enter, or press ? or * to list all spells.
Aiming: Fireball
Press: ? - help, Shift-Dir - straight line You feel a surge of power!
You miscast Fireball.
Nothing appears to happen.
You are feeling hungry.
Something hits you!
* * * LOW HITPOINT WARNING * * *
Something steals your 8 potions of heal wounds!
Unknown command.
Casting: Fireball
Confirm with . or Enter, or press ? or * to list all spells.
Aiming: Sticky Flame
Press: ? - help, Shift-Dir - straight line You feel a surge of power!
The sticky flame hits something.
Maurice is covered in liquid flames!
Maurice burns!
Maurice zaps a wand.
The bolt of acid hits you!
You die...

.# ##.....#.##..##..#### .#
#......#............# .#
#......#......[.....# .#
#......#............# .#
#....>.#............#
##############..###...####..####
##.##..##..###..###..>####..#
....#........#...@....#.....#
....'........#..@#....#.....#
#'###........#...#....#.....#
...##..##...######..#######'##...
...##<.##...######{.######..##...
...#....#............#......#....
...#....#............#......#....
#####.###.########..###.##'###..#
##.##.###.##..####..##.∩##.###..#
......÷....#.........#...........


You could see Maurice (burning).

Vanquished Creatures
  Erica (D:8)
  The ghost of karf the Grappler, a novice TrFi (D:8)
  Pikel (D:7)
  The ghost of veneficus the Covert, a novice SpEn of Dithmenos (Sewer)
  A hornet (D:8)
  The ghost of Lavrengius the Insei, an amateur MfTm of Uskayaw (D:5)
  A steam dragon (D:8)
  2 water moccasins
  An ice beast (D:8)
  A slave (D:7)
  4 orc warriors
  A phantom (D:4)
  3 ogres
  2 centaurs
  4 bullfrogs
  3 big kobolds (Sewer)
  5 scorpions
  A water moccasin skeleton (D:8)
  4 crimson imps
  A hound (D:7)
  5 orc priests
  2 jellies
  3 orc wizards
  A centaur skeleton (D:4)
  A bullfrog skeleton (D:7)
  5 iguanas
  2 worker ants
  A hound skeleton (D:4)
  13 adders
  A shadow imp (D:6)
  A worm (D:3)
  2 dart slugs (D:3)
  8 leopard geckos
  27 orcs
  10 bats
  7 giant cockroaches
  7 goblins
  4 hobgoblins
  12 jackals
  3 quokkas
  6 ball pythons
  6 frilled lizards
  18 kobolds
  A quokka skeleton (D:6)
  A quokka zombie (D:5)
  8 rats
194 creatures vanquished.

Vanquished Creatures (others)
  A slave (D:7)
  An orc wizard (D:7)
  2 orcs (D:7)
  A jackal (D:7)
5 creatures vanquished.

Grand Total: 199 creatures vanquished

Notes
Turn   | Place    | Note
-------+----------+-------------------------------------------
     0 | D:1      | ANON1729 the Octopode Fire Elementalist began the quest for the Orb.
     0 | D:1      | Reached XP level 1. HP: 11/11 MP: 3/3
   393 | D:1      | Reached XP level 2. HP: 17/17 MP: 3/5
   958 | D:2      | Reached XP level 3. HP: 20/21 MP: 6/6
  1381 | D:2      | Found a faded altar of an unknown god.
  1417 | D:2      | Reached XP level 4. HP: 27/27 MP: 0/7
  2134 | D:3      | Noticed an ogre
  2145 | D:3      | Learned a level 3 spell: Conjure Flame
  2150 | D:3      | Learned a level 4 spell: Sticky Flame
  2300 | D:3      | Reached XP level 5. HP: 29/31 MP: 6/9
  2307 | D:3      | Found a glowing drain.
  2373 | Sewer    | Entered a sewer
  2384 | Sewer    | Noticed veneficus's ghost (novice SpEn)
  2432 | Sewer    | Killed veneficus's ghost
  2432 | Sewer    | Reached skill level 4 in Fire Magic
  2432 | Sewer    | Reached XP level 6. HP: 25/36 MP: 4/11
  2812 | Sewer    | Reached XP level 7. HP: 31/41 MP: 10/12
  3483 | D:4      | Reached skill level 5 in Fire Magic
  4293 | D:4      | Reached XP level 8. HP: 27/46 MP: 5/14
  4815 | D:5      | Entered Level 5 of the Dungeon
  4850 | D:5      | Reached skill level 5 in Dodging
  4887 | D:5      | Noticed Lavrengius's ghost (amateur MfTm)
  5462 | D:5      | Killed Lavrengius's ghost
  5462 | D:5      | Reached skill level 5 in Spellcasting
  5462 | D:5      | Reached skill level 5 in Conjurations
  5462 | D:5      | Reached skill level 6 in Fire Magic
  6446 | D:6      | Reached XP level 9. HP: 49/51 MP: 6/17
  7260 | D:7      | Learned a level 5 spell: Fireball
  7292 | D:7      | Noticed Pikel
  7311 | D:7      | Killed Pikel
  7528 | D:7      | Reached skill level 7 in Fire Magic
  7639 | D:7      | Found a staircase to the Ecumenical Temple.
  7882 | Temple   | Entered the Ecumenical Temple
  8000 | Temple   | Became a worshipper of Sif Muna the Loreminder
  9063 | D:8      | Identified Easy Theurgy
  9259 | D:8      | Reached XP level 10. HP: 45/56 MP: 19/19
  9422 | D:8      | Found Lizxuhuo's Antique Weapon Boutique.
  9434 | D:8      | Noticed Erica
  9460 | D:8      | Killed Erica
  9460 | D:8      | Reached * piety under Sif Muna
  9460 | D:8      | Reached skill level 8 in Fire Magic
  9755 | D:8      | Noticed karf's ghost (novice TrFi)
  9785 | D:9      | Noticed a two-headed ogre
 10213 | D:9      | Found a staircase to the Orcish Mines.
 10235 | D:9      | Noticed a two-headed ogre
 10327 | D:8      | Killed karf's ghost
 10564 | D:8      | Noticed Maurice
 10876 | D:8      | Killed from afar by Maurice

Skill      XL: |  1  2  3  4  5  6  7  8  9 10 |
---------------+-------------------------------+-----
Stealth        | 3 |  3.0
Conjurations   | 2 3 4 5 6 7 |  7.7
Dodging        | 3 4 5 7 |  7.9
Spellcasting   | 3 4 5 6 7 |  7.3
Fire Magic     | 4 5 6 7 8 |  8.4

Action                   |  1- 3 |  4- 6 |  7- 9 | 10-12 || total
-------------------------+-------+-------+-------+-------++-------
Melee: Unarmed           |     6 |       |       |       ||     6
       Dagger            |    35 |    76 |   181 |     9 ||   301
       Constrict         |    12 |    18 |    32 |     1 ||    63
       Tentacles         |     4 |    10 |    27 |     2 ||    43
       Staff             |       |       |       |     1 ||     1
 Cast: Flame Tongue      |    29 |    24 |   217 |    53 ||   323
       Conjure Flame     |       |     1 |    10 |     4 ||    15
       Sticky Flame      |       |       |    10 |     9 ||    19
       Fireball          |       |       |       |     7 ||     7
  Use: Scroll            |     1 |       |     7 |     1 ||     9
       Potion            |       |     2 |     1 |     3 ||     6
 Stab: Sleeping          |     5 |     7 |    12 |       ||    24
       Distracted        |       |     1 |       |       ||     1
  Eat: Chunk             |     2 |     4 |    22 |     6 ||    34
       Royal jelly       |       |       |       |     1 ||     1
Armor: Skin              |     6 |    16 |    28 |     1 ||    51
Dodge: Dodged            |    43 |    76 |   176 |    26 ||   321
